 Dungeon Crawl Stone Soup version 0.28-a0-563-gf77a47075d (webtiles) character file.

Game seed: 13191224479541525408

1130 pokedragonboy the Chopper (level 8, -2/64 HPs)
             Began as a Formicid Fighter on Sept 30, 2021.
             Was an Initiate of Ru.
             Slain by a gnoll sergeant (7 damage)
             ... on level 5 of the Dungeon.
             The game lasted 00:08:00 (4964 turns).

pokedragonboy the Chopper (Formicid Fighter)        Turns: 4964, Time: 00:08:03

Health: -2/64      AC: 14    Str: 23    XL:     8   Next: 62%
Magic:  8/8        EV:  6    Int:  8    God:    Ru [......]
Gold:   176        SH:  5    Dex: 10    Spells: 7/7 levels left

rFire   . . .      SeeInvis +   a - +0 war axe
rCold   . . .      Faith    .   c - +0 buckler
rNeg    . . .      Spirit   .   o - +1 plate armour
rPois   .          Reflect  .   (helmet unavailable)
rElec   .          Harm     .   (no cloak)
rCorr   .          Rampage  .   i - +0 pair of gloves
Will    .....                   (no boots)
Stlth   ..........              (no amulet)
HPRegen 0.20/turn               (no ring)
MPRegen 0.11/turn               (no ring)

@: no status effects
A: permanent stasis, dig shafts and tunnels, antennae 3, four strong arms
a: Dig, Shaft Self, Renounce Religion


You were on level 5 of the Dungeon.
You worshipped Ru.
Ru was noncommittal.
You visited 2 branches of the dungeon, and saw 6 of its levels.
You also visited: Ossuary.

You collected 176 gold pieces.

Inventory:

Hand Weapons
 a - a +0 war axe (weapon)
 b - the +5 whip "Imp's Nightmare" {venom, Str+4 Dex+5}
   (You found it on level 4 of the Dungeon)

   It poisons the flesh of those it strikes.
   Str:       It affects your strength (+4).
   Dex:       It affects your dexterity (+5).
Missiles
 e - 2 javelins
Armour
 c - a +0 buckler (worn)
 i - a +0 pair of gloves (worn)
 o - a +1 plate armour (worn)
Scrolls
 f - a scroll of vulnerability
 g - a scroll of silence {unknown}
 j - a scroll of summoning {unknown}
 m - 3 scrolls of enchant armour
 n - a scroll of noise {unknown}
 p - a scroll of amnesia {unknown}
 s - a scroll of teleportation {unknown}
Potions
 d - a potion of might
 h - a potion of brilliance {unknown}
 k - 7 potions of curing
 l - a potion of lignification {unknown}
 q - a potion of magic {unknown}
 r - 4 potions of mutation {unknown}
 t - a potion of heal wounds {unknown}


   Skills:
 + Level 5.8 Fighting
 * Level 6.5 Axes
 + Level 5.8 Armour
 + Level 5.8 Shields


You had 7 spell levels left.
You didn't know any spells.
Your spell library contained the following spells:

 Spells                   Type           Power      Damage    Failure   Level
 Portal Projectile        Hex/Tloc       0%         N/A       100%        3
 Blade Hands              Tmut           0%         N/A       100%        5
 Excruciating Wounds      Necr           0%         N/A       100%        5


Dungeon Overview and Level Annotations

Branches:
Dungeon (5/15)             Temple (1/1) D:5         Ossuary (visited)

Altars:
Ashenzari
Dithmenos
Fedhas
Gozag
Makhleb
Nemelex Xobeh
Ru
Sif Muna
Trog
Uskayaw
Xom
Yredelemnul

Portals:
Abyss: D:4

Annotations:
D:4 2 transporters, MikuNakano's ghost, amateur BaIE


Innate Abilities, Weirdness & Mutations

You cannot be hasted, slowed, berserked, paralysed or teleported.
You can dig through walls and to a lower floor.
You have a pair of large antennae on your head. (SInv)
Your four strong arms can wield two-handed weapons with a shield.


Message History

You closely miss the gnoll.
The gnoll is moderately wounded.
The gnoll hits you but does no damage.
You barely miss the gnoll.
The gnoll is moderately wounded.
The gnoll hits you with a +0 halberd!
You slice the gnoll!!
You kill the gnoll!
You hit the gnoll sergeant but do no damage.
The gnoll sergeant hits you with a +7 spear of freezing!
The gnoll sergeant freezes you.
You slash the gnoll sergeant!
The gnoll sergeant is moderately wounded.
The gnoll sergeant hits you with a +7 spear of freezing.
The gnoll sergeant freezes you.
You closely miss the gnoll sergeant.
The gnoll sergeant is moderately wounded.
The gnoll sergeant hits you with a +7 spear of freezing.
The gnoll sergeant freezes you.
The gnoll sergeant hits you but does no damage.
You hit the gnoll sergeant but do no damage.
The gnoll sergeant is moderately wounded.
You block the gnoll sergeant's attack.
You barely miss the gnoll sergeant.
The gnoll sergeant is moderately wounded.
The gnoll sergeant hits you but does no damage.
You hit the gnoll sergeant but do no damage.
The gnoll sergeant is moderately wounded.
The gnoll sergeant hits you with a +7 spear of freezing.
* * * LOW HITPOINT WARNING * * *
The gnoll sergeant freezes you.
* * * LOW HITPOINT WARNING * * *
Are you sure you want to shaft yourself?
The gnoll sergeant hits you with a +7 spear of freezing!
* * * LOW HITPOINT WARNING * * *
The gnoll sergeant freezes you.
* * * LOW HITPOINT WARNING * * *
You begin to dig a shaft.
You continue digging a shaft.
The gnoll sergeant hits you with a +7 spear of freezing!
You die...

#.. #...##.#
..# ##.#.##
#$.###....#
### ##.##
#......####
#.# #...{..###
#.#
##..###.#.# #
#.#
#..g###)†.##.#
#.#
..gg{g.......#
#.#
#.g{#####{####
#.# ## #{{#@#
.#.
......{#g##
##########


You could see a gnoll sergeant.

Vanquished Creatures
  Sigmund (D:4)
  A black bear (D:5)
  A centaur (D:5)
  A scorpion (D:4)
  4 water moccasin zombies (Ossuary)
  A howler monkey (D:5)
  A bullfrog skeleton (D:5)
  Jessica (D:2)
  4 orc wizards
  2 hound skeletons (D:4)
  2 mummies (Ossuary)
  Robin (D:2)
  A howler monkey skeleton (D:5)
  5 gnolls (D:5)
  7 adders
  4 adder zombies (Ossuary)
  3 dart slugs (D:1)
  15 orcs
  6 ball pythons
  3 endoplasms
  8 giant cockroaches
  7 goblins (D:2)
  8 hobgoblins
  3 jackals (D:1)
  3 quokkas
  6 bats
  7 frilled lizards
  6 gnoll zombies (Ossuary)
  8 hobgoblin zombies (Ossuary)
  7 kobolds
  5 kobold zombies (Ossuary)
  5 orc zombies (Ossuary)
  9 rats
  2 rat zombies (D:5)
148 creatures vanquished.

Notes
Turn   | Place    | Note
-------+----------+-------------------------------------------
     0 | D:1      | pokedragonboy the Formicid Fighter began the quest for the
                  | Orb.
     0 | D:1      | Reached XP level 1. HP: 18/18 MP: 1/1
    78 | D:1      | Reached XP level 2. HP: 23/24 MP: 2/2
   470 | D:1      | Reached XP level 3. HP: 29/29 MP: 3/3
   554 | D:1      | Found a faded altar of an unknown god.
  1324 | D:2      | Noticed Robin
  1337 | D:2      | Reached skill level 3 in Axes
  1337 | D:2      | Reached XP level 4. HP: 37/37 MP: 4/4
  1356 | D:2      | Killed Robin
  1467 | D:2      | Found a shadowy altar of Dithmenos.
  1543 | D:2      | Noticed Jessica
  1547 | D:2      | Killed Jessica
  1548 | D:2      | Reached XP level 5. HP: 42/42 MP: 5/5
  2211 | D:3      | Found a basalt altar of Yredelemnul.
  2258 | D:3      | Reached skill level 4 in Axes
  2600 | D:4      | Reached XP level 6. HP: 49/49 MP: 6/6
  2948 | D:4      | Noticed a +0 falchion
  2948 | D:4      | Noticed a +0 falchion
  2948 | D:4      | Noticed a +0 short sword
  2948 | D:4      | Noticed a +0 spear
  2949 | D:4      | Noticed a +0 dagger
  2951 | D:4      | Noticed a +0 dagger
  2951 | D:4      | Noticed a +0 spear
  2952 | D:4      | Found a hide-covered altar of Uskayaw.
  2952 | D:4      | Noticed a +0 short sword
  3017 | D:4      | Noticed Sigmund
  3022 | D:4      | Killed Sigmund
  3023 | D:4      | Reached XP level 7. HP: 44/55 MP: 7/7
  3190 | D:4      | Reached skill level 5 in Axes
  3396 | D:4      | Identified the +5 whip "Imp's Nightmare" {venom, Str+4
                  | Dex+5}
  3456 | D:4      | Found a transporter.
  3458 | D:4      | Found a transporter.
  3535 | D:4      | Found a one-way gate to the infinite horrors of the Abyss.
  3535 | D:4      | Noticed MikuNakano's ghost (amateur BaIE)
  3750 | D:4      | Reached skill level 5 in Armour
  3856 | D:5      | Entered Level 5 of the Dungeon
  3866 | D:4      | Reached skill level 5 in Fighting
  4113 | D:5      | Found a sand-covered staircase.
  4133 | Ossuary  | Entered an ossuary
  4202 | Ossuary  | Reached skill level 5 in Shields
  4212 | Ossuary  | Reached XP level 8. HP: 50/62 MP: 8/8
  4396 | Ossuary  | Reached skill level 6 in Axes
  4716 | D:5      | Found a staircase to the Ecumenical Temple.
  4728 | Temple   | Entered the Ecumenical Temple
  4764 | Temple   | Became a worshipper of Ru the Awakened
  4883 | D:5      | Found an opulent altar of Gozag.
  4964 | D:5      | Slain by a gnoll sergeant

Illustrated notes

Levels and vault maps discovered:
D:1:      dpeg_arrival_long_road, layout_basic, ebering_ecumenical_altar_box
D:2:      layout_loops_ring, basic_altar, uniq_jessica, uniq_robin
D:3:      minmay_angry_zag, layout_rooms, mainiacjoe_overflow_cross_hatched,
          kennysheep_nondescript
D:4:      layout_loops_corners, nicolae_uskayaw_en_pointe,
          gammafunk_ghost_abyssal_escape, uniq_sigmund
D:5:      layout_loops_corners, nicolae_overflow_crystal_walls,
          minmay_temple_entry_overgrown, enter_ossuary_4
Temple:   jpeg_temple_island

Skill      XL: |  1  2  3  4  5  6  7  8 |
---------------+-------------------------+-----
Shields        | 4 5 |  5.8
Axes           | 3 4 5 6 |  6.5
Fighting       | 4 5 |  5.8
Armour         | 4 5 |  5.8

Action                   |  1- 3 |  4- 6 |  7- 9 || total
-------------------------+-------+-------+-------++-------
Melee: War axe           |    84 |   135 |   205 ||   424
       Whip              |       |       |     3 ||     3
 Abil: Dig               |     1 |       |     3 ||     4
       Shaft Self        |       |       |     1 ||     1
  Use: Scroll            |       |       |     4 ||     4
Armor: Scale mail        |    44 |    52 |    67 ||   163
       Plate armour      |       |       |    37 ||    37
Dodge: Dodged            |    49 |    68 |    94 ||   211
Block: Buckler           |    20 |    44 |    49 ||   113

Table legend: (Time is in decaauts)
 A = Elapsed time spent in this place.
 B = Non-inter-level travel time spent in this place.
 C = Inter-level travel time spent in this place.
 D = Time resting spent in this place.
 E = Time spent auto-exploring this place.
 F = Levels seen in this place.
 G = Mean time per level.
                   A        B        C        D        E       F      G
               +--------+--------+--------+--------+--------+-----+--------+
         Total |   5086 |   4956 |    130 |    661 |   3214 |   7 |  726.6 |
       Dungeon |   4575 |   4472 |    103 |    593 |   2975 |   5 |  915.0 |
        Temple |     63 |     36 |     27 |      0 |     23 |   1 |   63.0 |
       Ossuary |    447 |    447 |      0 |     68 |    216 |   1 |  447.0 |
               +--------+--------+--------+--------+--------+-----+--------+

Top non-repeatable levels by time:
     D:4: 1378 daAuts
     D:2: 1104 daAuts
     D:1: 891 daAuts
     D:5: 622 daAuts
     D:3: 578 daAuts
 Ossuary: 447 daAuts
  Temple: 63 daAuts
